 Dungeon Crawl Stone Soup version 0.17-a0-1378-g281efdd (webtiles) character file.

1490 Steifyn the Shield-Bearer (level 8, -8/63 HPs)
             Began as a Hill Orc Fighter on June 14, 2015.
             Was a Follower of Beogh.
             Mangled by an iguana (10 damage)
             ... on level 6 of the Dungeon.
             The game lasted 00:29:18 (2128 turns).

Steifyn the Shield-Bearer (Hill Orc Fighter)        Turns: 2128, Time: 00:29:18

Health: -8/63      AC: 12    Str: 20    XL:     8   Next: 80%
Magic:  8/8        EV: 11    Int:  8    God:    Beogh [*.....]
Gold:   160        SH: 11    Dex: 11    Spells: 0 memorised, 7 levels left

rFire  . . .     SeeInvis .     k - +2 flail (protect)
rCold  . . .     Clarity  .     o - +1 ring mail {rN+}
rNeg   + + .     SustAt   .     c - +0 shield
rPois  .         Gourm    .     (no helmet)
rElec  +         Spirit   .     (no cloak)
rCorr  .         Warding  .     (no gloves)
rMut   .         Stasis   +     (no boots)
MR     .....                    l - amulet of stasis
Stlth  +.........               (no ring)
                                n - ring of positive energy

@: flying, not resistant to hostile enchantments, very unstealthy
A: deterioration 1, frail 1, electricity resistance
a: Renounce Religion


You were on level 6 of the Dungeon.
You worshipped Beogh.
Beogh was aware of your devotion.
You were not hungry.

You visited 1 branch of the dungeon, and saw 6 of its levels.

You collected 160 gold pieces.

Inventory:

Hand weapons
 f - a +0 dire flail of holy wrath
 k - a +2 flail of protection (weapon)
Armour
 b - a +1 scale mail
 c - a +0 shield (worn)
 o - a +1 ring mail of positive energy (worn)
Jewellery
 j - an uncursed amulet of warding
 l - an amulet of stasis (around neck)
 n - a ring of positive energy (left hand)
Magical devices
 a - a wand of draining (0)
Scrolls
 d - a scroll of identify
Potions
 h - a potion of curing
Comestibles
 e - 3 bread rations
 g - a slice of pizza
 m - a beef jerky


   Skills:
 + Level 6.2 Fighting
   Level 3.6(5.0) Axes
 + Level 4.2(4.7) Maces & Flails
 + Level 5.0 Armour
 + Level 4.4 Dodging
 + Level 0.6 Stealth
 + Level 6.8 Shields


You had 7 spell levels left.
You didn't know any spells.

Dungeon Overview and Level Annotations

Branches:
Dungeon (6/15)
 Temple: D:4-7

Altars:
Fedhas
Qazlal
The Shining One

Annotations:
D:6 Prince Ribbit


Innate Abilities, Weirdness & Mutations

Your body sometimes deteriorates upon taking damage.
You are frail (-10% HP).
You are resistant to electric shocks.


Message History

There's a creature in the doorway!
There's a creature in the doorway!
You thump the iguana!
The iguana is moderately wounded.
The iguana hisses menacingly.
You block the iguana's attack.
You barely miss the iguana.
The iguana is moderately wounded.
The iguana bites you but does no damage.
You block the iguana's attack.
You thump the iguana!
The iguana is severely wounded.
The iguana bites you.
* * * LOW HITPOINT WARNING * * *
You barely miss the iguana.
The iguana is severely wounded.
The iguana bites you. Beogh protects you from harm! The iguana bites you!
You die...

#+####.....# ### ...........#
#.##+#####+#...........# +...
......#...........# #.. ......+
..........# #.. .....# .........#
#.# #...###+###.....+
#.##+###<..##....l(....#
................@#.....#
.................#.....# .
.................#....(#######+#.
#+##.......##....#...............
..ยง###+########'##.......(.(.(...
........$ #....#...............
......... +....#...............
..F...... #....'...............
......... #...c#.......8.......


You could see an iguana.

Vanquished Creatures
  The ghost of Steifyn the Ruffian, an average TrMo (D:5)
  Grinder (D:4)
  Edmund (D:4)
  A sky beast (D:5)
  3 ice beasts
  A phantom (D:5)
  A centaur (D:5)
  2 scorpions
  2 crimson imps (D:5)
  A centaur skeleton (D:5)
  A jelly (D:5)
  2 hounds (D:5)
  A worker ant (D:4)
  3 adders
  3 shadow imps
  A giant gecko (D:2)
  7 bats
  A giant cockroach (D:1)
  6 goblins
  9 hobgoblins
  13 jackals
  7 kobolds
  A quokka (D:3)
  2 giant gecko zombies
  3 giant newts
  A quokka zombie (D:5)
  7 rats
82 creatures vanquished.

Vanquished Creatures (others)
  2 orcs (D:4)
  A kobold (D:4)
3 creatures vanquished.

Grand Total: 85 creatures vanquished

Notes
Turn   | Place    | Note
--------------------------------------------------------------
     0 | D:1      | Steifyn the Hill Orc Fighter began the quest for the Orb.
     0 | D:1      | Reached XP level 1. HP: 19/19 MP: 1/1
   195 | D:1      | Reached XP level 2. HP: 27/27 MP: 2/2
   444 | D:1      | Reached XP level 3. HP: 30/33 MP: 3/3
   799 | D:2      | Reached skill level 4 in Shields
   942 | D:3      | Gained mutation: Your body sometimes deteriorates upon taking damage. [potion of mutation]
   942 | D:3      | Gained mutation: You are frail (-10% HP). [potion of mutation]
   942 | D:3      | Gained mutation: You are resistant to electric shocks. [potion of mutation]
  1006 | D:4      | Reached XP level 4. HP: 18/36 MP: 4/4
  1021 | D:4      | Noticed Grinder
  1022 | D:4      | Paralysed by Grinder for 6 turns
  1033 | D:4      | Killed Grinder
  1033 | D:4      | Reached skill level 1 in Maces & Flails
  1033 | D:4      | Reached skill level 1 in Dodging
  1033 | D:4      | Reached XP level 5. HP: 25/42 MP: 5/5
  1033 | D:4      | Reached XP level 6. HP: 27/47 MP: 6/6
  1053 | D:4      | Noticed a scorpion
  1061 | D:4      | Killed a scorpion
  1061 | D:4      | Reached skill level 5 in Shields
  1074 | D:4      | Became a worshipper of Beogh the Brigand
  1135 | D:4      | Noticed Edmund
  1151 | D:4      | Killed Edmund
  1151 | D:4      | Reached skill level 5 in Fighting
  1151 | D:4      | Reached XP level 7. HP: 29/54 MP: 7/7
  1169 | D:4      | Found a stormy altar of Qazlal.
  1267 | D:5      | Entered Level 5 of the Dungeon
  1423 | D:5      | Found a blossoming altar of Fedhas.
  1661 | D:5      | Noticed Steifyn's ghost (average TrMo)
  1684 | D:5      | Killed Steifyn's ghost
  1684 | D:5      | Reached skill level 6 in Shields
  1684 | D:5      | Reached XP level 8. HP: 14/63 MP: 8/8
  1872 | D:5      | Acquired Beogh's first power
  1872 | D:5      | Reached skill level 5 in Armour
  1942 | D:6      | Noticed Prince Ribbit
  1987 | D:6      | Found a glowing golden altar of the Shining One.
  2126 | D:6      | HP: 1/63 [iguana (6)]
  2127 | D:6      | Beogh protects you from harm!
  2128 | D:6      | Mangled by an iguana

Vault maps used:
D:1:      moated_graveyard_arrival, solitary_fountain
D:2:      kennysheep_the_goblin_king, ecumenical_altar_1, uniq_terence,
          uniq_natasha
D:3:      tgw_xom
D:4:      first_bread, nicolae_qazlal_eye_of_the_storm, uniq_grinder,
          uniq_edmund
D:5:      temple_green, basic_altar, kennysheep_generic_room_13
D:6:      hangedman_feature_mirror, uniq_duvessa, uniq_menkaure,
          uniq_prince_ribbit1

Action                   |  1- 3 |  4- 6 |  7- 9 || total
-------------------------+-------+-------+-------++-------
Melee: War axe           |   100 |       |       ||   100
       Flail             |    34 |    28 |   193 ||   255
Evoke: Wand              |       |       |     1 ||     1
  Use: Scroll            |     6 |     1 |     2 ||     9
       Potion            |     6 |     3 |     4 ||    13
  Eat: Fruit             |     1 |       |       ||     1
       Meat ration       |       |       |     1 ||     1
       Chunk             |       |       |     1 ||     1
